 Dungeon Crawl Stone Soup version 0.28.0-53-g5a82cb258f (webtiles) character file.

Game seed: 18442288247262062507

210 cbfl8 the Chopper (level 5, -1/47 HPs)
             Began as a Hill Orc Fighter on July 17, 2022.
             Was an Initiate of Beogh.
             Slain by an orc wizard
             ... wielding a +0 dagger
              (3 damage)
             ... on level 3 of the Dungeon.
             The game lasted 00:04:24 (3363 turns).

cbfl8 the Chopper (Hill Orc Fighter)                Turns: 3363, Time: 00:04:25

Health: -1/47      AC: 10    Str: 19    XL:     5   Next: 88%
Magic:  5/5        EV:  9    Int:  8    God:    Beogh [......]
Gold:   83         SH:  0    Dex: 12    Spells: 4/4 levels left

rFire   . . .      SeeInvis .   l - +4 quarterstaff (chaos)
rCold   . . .      Faith    .   (shield currently unavailable)
rNeg    . . .      Spirit   .   b - +0 scale mail
rPois   .          Reflect  .   (no helmet)
rElec   .          Harm     .   m - +0 cloak
rCorr   .          Rampage  .   g - +1 pair of gloves
Will    .....                   (no boots)
Stlth   ..........              (no amulet)
HPRegen 0.15/turn               (no ring)
MPRegen 0.09/turn               (no ring)

@: mighty, silenced
A: no striking features
a: Renounce Religion


You were on level 3 of the Dungeon.
You worshipped Beogh.
Beogh was noncommittal.
You visited 1 branch of the dungeon, and saw 3 of its levels.

You collected 83 gold pieces.

Inventory:

Hand Weapons
 a - a +0 war axe
 l - a +4 quarterstaff of chaos (weapon)
Armour
 b - a +0 scale mail (worn)
 c - a +0 buckler
 g - a +1 pair of gloves (worn)
 m - a +0 cloak (worn)
Scrolls
 f - 2 scrolls of teleportation {unknown}
 i - 2 scrolls of enchant armour {unknown}
 k - a scroll of vulnerability {unknown}
 n - a scroll of fear {unknown}
Potions
 e - a potion of magic {unknown}
 j - a potion of degeneration {unknown}


   Skills:
 + Level 4.3 Fighting
 + Level 5.6 Axes
 + Level 0.3 Staves
 + Level 4.4 Armour
 + Level 0.4 Dodging
 + Level 0.4 Stealth
 + Level 3.7 Shields


You had 4 spell levels left.
You didn't know any spells.
Your spell library was empty.

Dungeon Overview and Level Annotations

Branches:
Dungeon (3/15)

Altars:


Message History

You kill the orc!
Beogh accepts your kill. The orc hits you with a +0 mace.
The goblin shoots a stone. x2
The stone hits you. Something hits you but does no damage.
The goblin shoots a stone.
The stone hits you but does no damage.
The hobgoblin shoots a sling bullet.
The sling bullet barely misses you.
You feel very mighty all of a sudden. The orc completely misses you.
The goblin shoots a stone.
The stone closely misses you.
The goblin shoots a stone.
The stone barely misses you.
You hear some strange, mumbled words.
A puff of flame appears from out of thin air!
The puff of flame misses you.
The goblin shoots a stone.
The stone hits you but does no damage.
You miss something. The orc barely misses you.
The goblin shoots a stone.
The stone hits you but does no damage. Something hits you.
* * * LOW HITPOINT WARNING * * *
The hobgoblin shoots a sling bullet.
The sling bullet hits you but does no damage.
The orc barely misses you.
You miss something.
The goblin shoots a stone.
The stone hits you but does no damage. Something hits you.
* * * LOW HITPOINT WARNING * * *
The goblin unwields a +0 hunting sling.
The goblin hits you but does no damage.
The hobgoblin shoots a sling bullet.
The sling bullet hits you.
* * * LOW HITPOINT WARNING * * *
The orc closely misses you.
The goblin shoots a stone.
The stone hits you but does no damage. Something hits you but does no damage.
As you read the scroll labelled POKHLU VAUN, it crumbles to dust.
A profound silence engulfs you.
It was a scroll of silence.
The orc hits you but does no damage. Something hits you.
* * * LOW HITPOINT WARNING * * *
The goblin shoots a stone.
The stone closely misses you. The goblin hits you but does no damage.
You miss something.
The hobgoblin unwields a +0 hunting sling.
The hobgoblin hits you but does no damage.
The orc misses you. Something hits you.
You die...
Beogh appreciates something's killing of a heretic priest.

#........#.....
#........#.....
######.)#.#.....
##########.........#.....
...................###'##
...................# #.#
...........#####'#)# #.#
.......o...# #.#.###'##
.......{@).# #.#.#....#
......gggg.# #...#....#
...........# ##..#.....
...........# #..###'#.
...........# ##># #.#.
...........# #.###.#.
...........# #.....#.
####...#### #.###### ....
...


You could see an orc, a hobgoblin and 3 goblins.

Vanquished Creatures
  Crazy Yiuf (D:2)
  2 orc wizards
  Natasha (thrice) (D:2)
  8 orcs
  5 bats
  2 endoplasms (D:1)
  3 giant cockroaches
  8 goblins
  5 hobgoblins
  2 quokkas
  6 ball pythons
  4 frilled lizards
  A kobold (D:2)
  5 rats
55 creatures vanquished.

Vanquished Creatures (others)
  An orc (D:3)
  3 fungi (D:2)
4 creatures vanquished.

Grand Total: 59 creatures vanquished

Notes
Turn   | Place    | Note
-------+----------+-------------------------------------------
     0 | D:1      | cbfl8 the Hill Orc Fighter began the quest for the Orb.
     0 | D:1      | Reached XP level 1. HP: 19/19 MP: 1/1
   142 | D:1      | Found a faded altar of an unknown god.
   225 | D:1      | Reached XP level 2. HP: 21/27 MP: 2/2
   764 | D:1      | Reached skill level 3 in Axes
   969 | D:1      | Reached XP level 3. HP: 33/33 MP: 3/3
  1204 | D:2      | Noticed Natasha
  1215 | D:2      | Killed Natasha
  1381 | D:2      | Noticed Natasha
  1389 | D:2      | Killed Natasha
  1390 | D:2      | Reached skill level 4 in Axes
  1390 | D:2      | Reached XP level 4. HP: 30/40 MP: 4/4
  1450 | D:2      | Noticed Natasha
  1457 | D:2      | Killed Natasha
  1548 | D:2      | Reached XP level 5. HP: 25/46 MP: 5/5
  2867 | D:2      | Found a runed translucent door.
  2868 | D:2      | Noticed Crazy Yiuf
  2874 | D:2      | Killed Crazy Yiuf
  2875 | D:2      | Reached skill level 5 in Axes
  3176 | D:3      | Became a worshipper of Beogh the Brigand
  3362 | D:3      | HP: 2/47 [something (4)]
  3363 | D:3      | Slain by an orc wizard

Illustrated notes

Levels and vault maps discovered:
D:1:      minmay_arrival_widening_spiral_wide, layout_basic,
          ebering_ecumenical_altar_mist
D:2:      layout_loops_corners, uniq_natasha, uniq_crazy_yiuf_cottage
D:3:      minmay_goblin_kobold_castle, layout_basic, serial_shops,
          nicolae_shop_crystal, nrook_campfire

Skill      XL: |  1  2  3  4  5 |
---------------+----------------+-----
Axes           | 3 4 5 |  5.6
Fighting       | 4 |  4.3
Armour         | 4 |  4.4
Staves         | |  0.3
Dodging        | |  0.4
Stealth        | |  0.4
Shields        | |  3.7

Action                   |  1- 3 |  4- 6 || total
-------------------------+-------+-------++-------
Melee: War axe           |    68 |    61 ||   129
       Quarterstaff      |       |    37 ||    37
Invok: Convert to Beogh  |       |     1 ||     1
  Use: Scroll            |       |     1 ||     1
       Potion            |       |     1 ||     1
Armor: Scale mail        |    29 |    74 ||   103
Dodge: Dodged            |    38 |    51 ||    89
Block: Buckler           |    10 |     7 ||    17
